 Dungeon Crawl Stone Soup version 0.26-a0-771-g060e6a62af (webtiles) character file.

Game seed: 9027089268521292501

378 miscthings the Chopper (level 6, -1/54 HPs)
             Began as a Palentonga Delver on Nov 8, 2020.
             Slain by a gnoll
             ... wielding a +2 halberd of venom
              (11 damage)
             ... on level 4 of the Dungeon.
             The game lasted 00:03:59 (2763 turns).

miscthings the Chopper (Palentonga Delver)          Turns: 2763, Time: 00:04:00

Health: -1/54      AC:  7    Str: 17    XL:     6   Next: 45%
Magic:  6/6        EV:  9    Int: 11    God:
Gold:   120        SH:  0    Dex: 11    Spells: 5/5 levels left

rFire    . . .     SeeInvis +   a - +0 hand axe
rCold    . . .     Faith    .   (no shield)
rNeg     . . .     Spirit   .   b - +0 leather armour
rPois    .         Reflect  .   (no helmet)
rElec    .         Harm     .   m - +2 cloak
rCorr    .         Rampage  .   (no gloves)
MR       .....                  (no barding)
Stlth    ++........             (no amulet)
HPRegen  0.18/turn              (no ring)
MPRegen  0.10/turn              (no ring)

@: lethally poisoned (-1 -> -16)
A: large, rugged brown scales 3, see invisible, deformed body, roll, armoured
tail
a: Rolling Charge


You were on level 4 of the Dungeon.
You visited 1 branch of the dungeon, and saw 4 of its levels.

You collected 120 gold pieces.

Inventory:

Hand Weapons
 a - a +0 hand axe (weapon)
Armour
 b - a +0 leather armour (worn)
 m - a +2 cloak (worn)
Scrolls
 c - 2 scrolls of fog
 d - 2 scrolls of magic mapping
 g - a scroll of enchant armour {unknown}
 h - a scroll of amnesia {unknown}
 j - 2 scrolls of identify {unknown}
 k - a scroll of teleportation {unknown}
 l - a scroll of remove curse {unknown}
Potions
 e - 2 potions of lignification {unknown}
 f - 3 potions of curing
 i - a potion of might {unknown}


   Skills:
 - Level 3.0 Fighting
 + Level 7.0 Axes
 - Level 1.5 Dodging
 - Level 3.3 Stealth


You had 5 spell levels left.
You didn't know any spells.
Your spell library contained the following spells:

 Spells                   Type           Power        Failure   Level
 Beastly Appendage        Tmut           #.....       41%         1
 Corona                   Hex            #......      41%         1
 Ensorcelled Hibernation  Hex/Ice        #.....       54%         2
 Wereblood                Tmut           #.......     54%         2
 Confusing Touch          Hex            #.......     78%         3
 Dazzling Flash           Conj/Hex       #.....       78%         3
 Gell's Gravitas          Tloc           #.........   78%         3
 Spider Form              Tmut/Pois      #.........   78%         3
 Tukima's Dance           Hex            #.......     78%         3
 Ice Form                 Ice/Tmut       #.......     99%         4
 Petrify                  Tmut/Erth      #.......     99%         4
 Blade Hands              Tmut           #.........   100%        5
 Metabolic Englaciation   Hex/Ice        #.........   100%        5
 Yara's Violent Unravell  Hex/Tmut       #.........   100%        5


Dungeon Overview and Level Annotations

Branches:
Dungeon (5/15)
 Temple: D:4-7

Altars:
Dithmenos
Elyvilon
Gozag
Nemelex Xobeh
Wu Jian

Annotations:
D:4 3 runed translucent doors, bjtr's ghost, amateur OpCj


Innate Abilities, Weirdness & Mutations

You are completely covered in rugged brown scales. (AC +3, +7% HP)
You have supernaturally acute eyesight. (SInv)
Armour fits poorly on your strangely shaped body.
You can roll at foes to attack.
You have a long armoured tail.


Message History

You feel sick.
The gnoll struggles against the net.
You hit the gnoll.
The gnoll is moderately wounded.
* * * LOW HITPOINT WARNING * * *
You feel sick.
You hit the gnoll but do no damage.
The gnoll is moderately wounded.
* * * LOW HITPOINT WARNING * * *
You feel sick.
The gnoll struggles against the net.
Your leather armour prevents you from hitting the gnoll.
The gnoll is moderately wounded.
* * * LOW HITPOINT WARNING * * *
You feel sick.
The gnoll struggles against the net.
The net rips apart, and the gnoll comes free!
You hit the gnoll.
The gnoll is moderately wounded.
* * * LOW HITPOINT WARNING * * *
You feel sick.
The gnoll hits you with a +2 halberd of venom!
You die...

### #.. ## #.#
#.. #.#
#####.#####.#####
................#
.###(..@....###.#
...'...g.#### #.#
..##........# #.#
. #......#.# #.#
#.<....# # #.#
#......# #?#
#..##..)...# #.#
###' #......#.#.#
#.#
#...##...####.#.#
# #.#


You could see a gnoll.

Vanquished Creatures
  An ogre (D:3)
  A bullfrog (D:3)
  A jelly (D:2)
  An orc priest (D:3)
  A hound skeleton (D:3)
  2 gnolls (D:4)
  8 adders (D:2)
  An ooze (D:3)
  4 worms
  A dart slug (D:3)
  A leopard gecko (D:2)
  4 orcs (D:3)
  5 bats
  3 giant cockroaches (D:2)
  2 hobgoblins (D:3)
  6 jackals
  A quokka (D:3)
  2 ball pythons (D:2)
  5 frilled lizards
  4 kobolds
  11 rats
65 creatures vanquished.

Notes
Turn   | Place    | Note
-------+----------+-------------------------------------------
     0 | D:5      | miscthings the Palentonga Delver began the quest for the
                  | Orb.
     0 | D:5      | Reached XP level 1. HP: 20/20 MP: 1/1
    24 | D:4      | Noticed a phantom
    27 | D:3      | Noticed an ogre
    83 | D:3      | Killed an ogre
    83 | D:3      | Reached skill level 4 in Axes
    83 | D:3      | Reached XP level 2. HP: 17/27 MP: 2/2
    83 | D:3      | Reached XP level 3. HP: 21/33 MP: 3/3
    83 | D:3      | Reached XP level 4. HP: 25/40 MP: 4/4
   447 | D:3      | Reached skill level 5 in Axes
   506 | D:3      | Found a white marble altar of Elyvilon.
   513 | D:3      | Found a sparkling altar of Nemelex Xobeh.
   513 | D:3      | Found an ornate altar of the Wu Jian Council.
   517 | D:3      | Found a shadowy altar of Dithmenos.
   538 | D:3      | Noticed a bullfrog
   545 | D:3      | Killed a bullfrog
   545 | D:3      | Reached XP level 5. HP: 31/48 MP: 5/5
   724 | D:2      | Reached skill level 6 in Axes
  1312 | D:2      | Reached XP level 6. HP: 29/54 MP: 6/6
  2444 | D:4      | Reached skill level 7 in Axes
  2712 | D:4      | Found a runed translucent gate.
  2712 | D:4      | Found a runed translucent gate.
  2713 | D:4      | Found a runed translucent gate.
  2714 | D:4      | Found an opulent altar of Gozag.
  2715 | D:4      | Noticed bjtr's ghost (amateur OpCj)
  2763 | D:4      | Slain by a gnoll

Illustrated notes

Levels and vault maps discovered:
D:2:      layout_basic, serial_rivers, chequers_serial_rivers_micro_a,
          chequers_serial_rivers_small_a, chequers_serial_rivers_small_a,
          chequers_serial_rivers_small_3, chequers_serial_rivers_marsh,
          chequers_serial_rivers_micro_a
D:3:      layout_basic, minitemple, hex_medium, grunt_ministairs_15
D:4:      layout_basic, ebering_ghost_gozag
D:5:      layout_basic, grunt_ministairs_12, minmay_misc_feat_more_columns,
          st_stairs_5, led_sif_book, uniq_ijyb, uniq_blork_the_orc

Skill      XL: |  1  2  3  4  5  6 |
---------------+-------------------+-----
Axes           | 4 5 6 7 |  7.0
Fighting       | |  3.0
Dodging        | |  1.5
Stealth        | |  3.3

Action                   |  1- 3 |  4- 6 || total
-------------------------+-------+-------++-------
Melee: Hand axe          |    20 |   228 ||   248
       Tailslap          |     5 |    27 ||    32
Throw: Throwing net      |       |     3 ||     3
 Abil: Rolling Charge    |       |    11 ||    11
Evoke: Wand              |     3 |       ||     3
  Use: Potion            |     1 |     1 ||     2
       Scroll            |       |     1 ||     1
 Stab: Sleeping          |       |     4 ||     4
       Distracted        |       |     1 ||     1
       Held in net/web   |       |     1 ||     1
Armor: Leather armour    |     5 |    81 ||    86
Dodge: Dodged            |    10 |    91 ||   101

Table legend: (Time is in decaauts)
 A = Elapsed time spent in this place.
 B = Non-inter-level travel time spent in this place.
 C = Inter-level travel time spent in this place.
 D = Time resting spent in this place.
 E = Time spent auto-exploring this place.
 F = Levels seen in this place.
 G = Mean time per level.
                   A        B        C        D        E       F      G
               +--------+--------+--------+--------+--------+-----+--------+
         Total |   2760 |   2711 |     49 |   1028 |   1060 |   4 |  690.0 |
       Dungeon |   2760 |   2711 |     49 |   1028 |   1060 |   4 |  690.0 |
               +--------+--------+--------+--------+--------+-----+--------+

Top non-repeatable levels by time:
     D:2: 1439 daAuts
     D:3: 955 daAuts
     D:4: 355 daAuts
     D:5: 11 daAuts
